 Dungeon Crawl Stone Soup version 0.29-a0-653-gd47aff6735 (webtiles) character file.

Game seed: 9749572238940569926

106 Rocko1345 the Covert (level 4, 0/29 HPs)
             Began as a Vampire Brigand on June 21, 2022.
             Slain by an orc
             ... wielding a +0 dagger
              (2 damage)
             ... on level 3 of the Dungeon.
             The game lasted 00:10:43 (1928 turns).

Rocko1345 the Covert (Vampire Brigand)              Turns: 1928, Time: 00:10:44

Health: 0/29       AC:  5    Str: 10    XL:     4   Next: 55%
Magic:  4/4        EV: 12    Int: 13    God:
Gold:   79         SH:  0    Dex: 17    Spells: 2/3 levels left

rFire   + . .      SeeInvis +   a - +2 dagger
rCold   x . .      Faith    .   (no shield)
rNeg    . . .      Spirit   .   b - +0 robe
rPois   .          Reflect  .   (no helmet)
rElec   .          Harm     .   h - +2 cloak
rCorr   .          Rampage  .   (no gloves)
Will    .....                   (no boots)
Stlth   ++........              (no amulet)
HPRegen 0.29/turn               i - ring of fire
MPRegen 0.09/turn               (no ring)

@: confused, healing quickly
A: alive, fangs 3, see invisible, vampiric 2, [frail 1]
a: Exsanguinate


You were on level 3 of the Dungeon.
You visited 1 branch of the dungeon, and saw 3 of its levels.

You collected 79 gold pieces.

Inventory:

Hand Weapons
 a - a +2 dagger (weapon)
Missiles
 d - 9 poisoned darts (quivered)
 e - 3 curare-tipped darts
Armour
 b - a +0 robe (worn)
 c - a +0 cloak
 h - a +2 cloak (worn)
Jewellery
 i - a ring of fire (left hand)
Scrolls
 l - 4 scrolls of teleportation {unknown}
 n - a scroll of poison {unknown}
 o - a scroll of identify {unknown}
 p - a scroll of enchant armour {unknown}
 q - a scroll of fear {unknown}
 s - a scroll of silence {unknown}
Potions
 f - 2 potions of curing {unknown}
 g - 2 potions of heal wounds
 j - a potion of attraction {unknown}
 k - a potion of berserk rage {unknown}
 m - a potion of brilliance {unknown}
 r - a potion of might {unknown}


   Skills:
 + Level 1.9 Fighting
 * Level 2.8 Short Blades
 + Level 1.6 Throwing
 + Level 1.2 Dodging
 * Level 8.4 Stealth
 * Level 0.3 Spellcasting


You had 2 spell levels left.
You knew the following spells:

 Your Spells              Type           Power      Damage    Failure   Level
a - Magic Dart            Conj           0%         1d3       30%         1

Your spell library contained the following spells:

 Spells                   Type           Power      Damage    Failure   Level
 Call Imp                 Summ           0%         N/A       43%         2
 Ensorcelled Hibernation  Hex/Ice        0%         N/A       43%         2
 Passwall                 Tmut/Erth      0%         N/A       43%         2
 Inner Flame              Hex/Fire       0%         N/A       67%         3
 Mephitic Cloud           Conj/Pois/Air  0%         N/A       67%         3
 Swiftness                Air            0%         N/A       67%         3
 Cause Fear               Hex            0%         N/A       97%         4
 Discord                  Hex            0%         N/A       100%        8


Dungeon Overview and Level Annotations

Branches:
Dungeon (3/15)

Altars:
Ru


Innate Abilities, Weirdness & Mutations

Your natural rate of healing is accelerated.
You have razor-sharp teeth.
You have supernaturally acute eyesight. (SInv)
You are afflicted with vampirism and can become a bat while bloodless.
[You are frail. (-10% HP)]


Message History

a +0 club; a goblin corpse
Found a stone staircase leading down.
An orc comes into view.
It is wielding a +0 hand axe. 2 orcs, an orc priest and an orc wizard come into view.
The helpless orc fails to defend itself.
You skewer the orc like a kebab!!!
You kill the orc!
Things that are here:
a +0 hand axe; a +0 ring mail The orc priest shouts!
The orc shouts!
You hear an angry hiss.
The orc priest hits you with a +0 whip. The orc hits you but does no damage.
A hobgoblin comes into view.
You hit the orc priest but do no damage.
The orc priest misses you. The orc hits you with a +0 dagger.
You barely miss the orc priest. The orc closely misses you.
The orc priest calls down the wrath of Beogh upon you.
Beogh smites you!
* * * LOW HITPOINT WARNING * * *
The orc hits you with a +0 dagger.
* * * LOW HITPOINT WARNING * * *
It was a potion of heal wounds.
You feel much better. The orc wizard barely misses you.
The orc hits you with a +0 morningstar! The orc priest hits you with a +0 whip.
The orc hits you with a +0 dagger. The orc wizard casts a spell at you.
You are confused.
The orc hits you with a +0 morningstar.
The orc priest begins to cast a cantrip, but forgets the words!
Things that are here:
a +0 hand axe; a +0 ring mail The hobgoblin hits you.
* * * LOW HITPOINT WARNING * * *
You hit the hobgoblin but do no damage. The hobgoblin hits you.
* * * LOW HITPOINT WARNING * * *
The orc hits you with a +0 dagger.
* * * LOW HITPOINT WARNING * * *
You're too confused to move!
The orc hits you with a +0 dagger.
* * * LOW HITPOINT WARNING * * *
The hobgoblin hits you but does no damage.
You barely miss the orc. The orc hits you with a +0 dagger.
You die...

#
##########.#.
#...@o.......
#.##og.....#
#.##oo.....#
#.##..#.#..#
#.#.....# .#
#.##.##.# #
#.##.# .#
#.##.# #
#.##.# #..#


You could see an orc priest, an orc wizard, 2 orcs and a hobgoblin.

Vanquished Creatures
  Natasha (twice) (D:2)
  An adder (D:2)
  A dart slug (D:2)
  An orc (D:3)
  5 ball pythons
  4 bats
  5 endoplasms
  2 giant cockroaches (D:1)
  4 goblins
  4 hobgoblins (D:1)
  4 kobolds
  3 quokkas
  4 frilled lizards (D:1)
  3 rats
43 creatures vanquished.

Notes
Turn   | Place    | Note
-------+----------+-------------------------------------------
     0 | D:1      | Rocko1345 the Vampire Brigand began the quest for the Orb.
     0 | D:1      | Reached XP level 1. HP: 16/16 MP: 1/1
    29 | D:1      | Reached skill level 6 in Stealth
   266 | D:1      | Reached XP level 2. HP: 17/17 MP: 2/2
   608 | D:1      | Reached skill level 7 in Stealth
   624 | D:1      | Found a faded altar of an unknown god.
   647 | D:1      | Learned a level 1 spell: Magic Dart
  1054 | D:2      | Noticed Natasha
  1061 | D:2      | Noticed a crimson imp
  1064 | D:2      | Killed Natasha
  1065 | D:2      | Gained mutation: You are afflicted with vampirism and can
                  | become a bat while bloodless. [Vampire growth]
  1065 | D:2      | Reached XP level 3. HP: 24/24 MP: 3/3
  1200 | D:2      | Found a sacrificial altar of Ru.
  1255 | D:2      | Reached skill level 8 in Stealth
  1255 | D:2      | Reached XP level 4. HP: 29/29 MP: 4/4
  1267 | D:2      | Noticed Natasha
  1304 | D:2      | Killed Natasha
  1928 | D:3      | Slain by an orc

Illustrated notes

Levels and vault maps discovered:
D:1:      lemuel_arrival_hallway, layout_basic, chequers_ecumenical_altar_simple
D:2:      layout_basic, basic_altar, uniq_natasha
D:3:      layout_basic

Skill      XL: |  1  2  3 |
---------------+----------+-----
Stealth        | 6 7 8 |  8.4
Fighting       | |  1.9
Short Blades   | |  2.8
Throwing       | |  1.6
Dodging        | |  1.2
Spellcasting   | |  0.3

Action                   |  1- 3 |  4- 6 || total
-------------------------+-------+-------++-------
Melee: Dagger            |    62 |    23 ||    85
       Bite              |     4 |     2 ||     6
Throw: Dart              |       |     1 ||     1
 Cast: Magic Dart        |       |     1 ||     1
 Abil: Exsanguinate      |     1 |       ||     1
       Revivify          |     1 |       ||     1
  Use: Potion            |       |     1 ||     1
 Stab: Sleeping          |    15 |     9 ||    24
       Distracted        |     1 |       ||     1
Armor: Robe              |    12 |     2 ||    14
Dodge: Dodged            |    18 |     9 ||    27

Table legend: (Time is in decaauts)
 A = Elapsed time spent in this place.
 B = Non-inter-level travel time spent in this place.
 C = Inter-level travel time spent in this place.
 D = Time resting spent in this place.
 E = Time spent auto-exploring this place.
 F = Levels seen in this place.
 G = Mean time per level.
                   A        B        C        D        E       F      G
               +--------+--------+--------+--------+--------+-----+--------+
         Total |   1916 |   1791 |    125 |     61 |   1092 |   3 |  638.7 |
       Dungeon |   1916 |   1791 |    125 |     61 |   1092 |   3 |  638.7 |
               +--------+--------+--------+--------+--------+-----+--------+

Top non-repeatable levels by time:
     D:1: 1041 daAuts
     D:2: 681 daAuts
     D:3: 194 daAuts
